Map: Jagannatha LE

Players

sOs

  • Race: Protoss Protoss
  • Spawn Location: 7:00

ByuN - Winner!

  • Race: Terran Terran
  • Spawn Location: 1:00

Event: IEM Katowice 2021

VOD

Have the link to the VOD?

Description

Time

  • Played on: Feb. 21, 2021, 12:15 p.m.
  • Length: 19:19

All games in this series

Show
View Real Time Build Order
Export as new Build Order

sOs Protoss 

Build Orders: 1 Gate Expand 

Get SALT Encoding   

  12  0:00  Probe  
  13  0:12  Probe  
  14  0:17  Pylon  
  14  0:24  Probe (Chrono Boost)  
  16  0:36  Probe (Chrono Boost)  
  16  0:37  Gateway  
  16  0:42  Probe (Chrono Boost)  
  16  0:46  Assimilator  
  17  0:51  Probe  
  18  1:03  Probe  
  19  1:15  Probe  
  20  1:24  Cybernetics Core  
  19  1:32  Nexus  
  19  1:35  Probe  
  20  1:42  Pylon  
  20  1:48  Probe  
  20  1:54  Assimilator  
  21  1:57  Adept (Chrono Boost)  
  21  2:00  Probe, Warp Gate (Chrono Boost)  
  24  2:12  Probe  
  25  2:20  Adept  
  27  2:24  Probe  
  29  2:37  Gateway, Probe (Chrono Boost)  
  29  2:40  Gateway  
  29  2:46  Probe (Chrono Boost)  
  29  2:50  Adept  
  33  2:54  Probe (Chrono Boost)  
  33  2:55  Probe (Chrono Boost)  
  34  3:00  Probe  
  34  3:01  Probe  
  36  3:12  Probe  
  37  3:15  Probe  
  37  3:16  Pylon  
  37  3:19  Twilight Council  
  38  3:26  Probe  
  38  3:27  Probe  
  40  3:41  Stalker x3  
  40  3:44  Probe x2  
  45  3:59  Probe x2 (Chrono Boost)  
  43  4:08  Stalker  
  43  4:09  Blink (Chrono Boost)  
  44  4:10  Probe (Chrono Boost)  
  44  4:11  Stalker x2  
  44  4:12  Probe (Chrono Boost)  
  49  4:18  Probe  
  50  4:27  Nexus  
  50  4:35  Pylon  
  50  4:36  Probe x2  
  52  4:41  Robotics Facility  
  52  4:42  Assimilator  
  52  4:49  Probe  
  52  4:50  Probe  
  54  4:54  Pylon  
  54  4:58  Sentry  
  56  5:00  Stalker x2  
  56  5:01  Probe  
  56  5:02  Probe  
  62  5:08  Pylon  
  62  5:13  Probe  
  63  5:14  Gateway  
  63  5:15  Gateway  
  63  5:16  Probe  
  64  5:21  Shield Battery  
  64  5:24  Sentry x2  
  68  5:30  Probe x2  
  68  5:31  Gateway  
  68  5:33  Observer  
  71  5:36  Shield Battery  
  71  5:40  Probe  
  72  5:47  Probe x2  
  74  5:52  Probe  
  74  5:54  Charge (Chrono Boost)  
  74  5:55  Immortal (Chrono Boost)  
  79  6:03  Zealot x3  
  83  6:18  Gateway x2  
  83  6:21  Probe  
  83  6:22  Pylon  
  84  6:27  Shield Battery  
  84  6:31  Immortal (Chrono Boost)  
  84  6:34  Pylon, Probe  
  89  6:42  Zealot x6  
  89  6:45  Pylon  
  101  6:48  Pylon  
  101  6:50  Forge  
  100  7:02  Probe  
  100  7:04  Zealot x4, Pylon  
  100  7:05  Observer  
  100  7:08  Zealot x2  
  114  7:14  Probe  
  115  7:16  Zealot x2  
  119  7:26  Zealot x4  
  125  7:35  Zealot x2  
  127  7:37  Protoss Ground Weapons Level 1 (Chrono Boost)  
  125  7:46  Robotics Bay  
  125  7:49  Zealot x6  
  131  7:55  Probe x2  
  133  7:59  Pylon  
  133  8:01  Pylon x2  
  133  8:10  Pylon  
  133  8:15  Immortal (Chrono Boost)  
  133  8:19  Stalker x3  
  143  8:20  Stalker, Zealot  
  143  8:22  Stalker  
  137  8:39  Zealot x2  
  141  8:42  Colossus (Chrono Boost), Zealot  
  141  8:44  Zealot x3  
  121  9:01  Zealot x3  
  126  9:04  Zealot x4  
  126  9:06  Extended Thermal Lance  
  131  9:10  Assimilator  
  131  9:12  Assimilator  
  134  9:18  Colossus (Chrono Boost)  
  137  9:32  Protoss Ground Armor Level 1 (Chrono Boost)  
  137  9:34  Templar Archives  
  137  9:36  Observer  
  137  9:45  Zealot x7, Observer  
  151  9:49  Photon Cannon  
  149  9:56  Nexus  
  149  9:58  Pylon  
  149  10:00  Colossus (Chrono Boost)  
  154  10:17  Zealot x6  
  158  10:40  Photon Cannon, Observer (Chrono Boost)  
  159  10:44  High Templar x3  
  159  10:46  Photon Cannon  
  159  10:48  Pylon  
  159  10:49  Shield Battery, Forge  
  165  10:52  Archon  
  165  11:00  Photon Cannon  
  165  11:07  Colossus (Chrono Boost)  
  165  11:11  High Templar  
  171  11:12  Zealot x2, Probe x2  
  171  11:13  Probe x2  
  171  11:16  Archon  
  179  11:29  Probe  
  179  11:31  Gateway  
  180  11:33  Gateway  
  180  11:36  Pylon  
  178  11:43  Shield Battery  
  178  11:44  Shield Battery  
  178  11:49  Robotics Facility  
  178  11:51  Warp Prism (Chrono Boost)  
  178  11:52  Protoss Ground Armor Level 2 (Chrono Boost)  
  176  12:20  Observer  
  176  12:24  Pylon  
  176  12:28  Probe, Gateway  
  177  12:30  Robotics Facility, Gateway  
  177  12:32  Photon Cannon, Gateway  
  177  12:34  Shield Battery  
  171  12:43  Zealot x2  
  171  12:44  Zealot x7  
  184  13:06  High Templar x2  
  184  13:07  High Templar x4  
  184  13:12  Archon x3  
  196  13:13  Nexus  
  196  13:15  Pylon  
  178  13:39  Zealot x3  
  178  13:40  Zealot x9  
  158  14:01  Zealot x3  
  158  14:02  Zealot x8  
  158  14:09  Forge  
  158  14:13  Probe x2  
  158  14:14  Probe  
  161  14:21  Colossus  
  161  14:22  High Templar x6  
  161  14:23  High Templar  
  180  14:24  High Templar  
  180  14:26  Zealot x4  
  180  14:27  Archon  
  180  14:28  Archon x3  
  182  14:32  Probe  
  182  14:36  Assimilator  
  183  14:39  Photon Cannon  
  183  14:40  Shield Battery  
  151  14:56  Zealot x11  
  151  14:59  Sentry x2  
  155  15:00  Zealot x6  
  155  15:01  Zealot x4  
  145  15:30  Disruptor (Chrono Boost), High Templar x2  
  145  15:31  Zealot x10, Disruptor (Chrono Boost)  
  145  15:33  Disruptor (Chrono Boost)  
  167  15:37  Archon  
  167  15:40  Photon Cannon  
  156  15:57  Disruptor x2 (Chrono Boost)  
  140  16:00  Assimilator  
  140  16:02  Observer (Chrono Boost)  
  147  16:08  Zealot x12  
  171  16:17  Pylon, Shield Battery  
  171  16:29  Disruptor  
  168  16:43  Zealot x7  
  168  16:44  Zealot x5  
  174  16:56  Observer  
  174  17:06  Nexus  
  172  17:10  Stalker x4  
  172  17:14  Pylon  
  173  17:32  Disruptor (Chrono Boost)  
  169  17:39  Zealot x7  
  169  17:40  Zealot x3  
  153  17:57  Zealot x2  
  153  18:02  Zealot x5  
  153  18:03  Zealot  
  94  18:29  High Templar x3  
  94  18:30  Zealot x6, High Templar  
  114  18:34  Archon x2  
  114  18:36  Zealot  
  114  18:40  Zealot  
  95  18:55  Zealot x4  
  95  18:56  Zealot x2  
  91  19:06  Zealot x4  
Show
View Real Time Build Order
Export as new Build Order

ByuN Terran - Winner!

Build Orders: Reaper Expand 

Get SALT Encoding   

  12  0:00  SCV  
  13  0:12  SCV  
  14  0:17  Supply Depot  
  14  0:24  SCV  
  15  0:39  SCV  
  15  0:40  Barracks  
  16  0:43  Refinery  
  16  0:51  SCV  
  17  1:03  SCV  
  18  1:15  SCV  
  19  1:30  Reaper, Orbital Command  
  19  1:40  Command Center  
  19  1:49  Supply Depot  
  19  1:55  SCV  
  20  2:02  Barracks Tech Lab  
  20  2:07  SCV  
  21  2:16  Barracks  
  21  2:20  Marauder, Concussive Shells  
  21  2:21  SCV  
  24  2:33  SCV  
  24  2:34  Refinery  
  25  2:42  Marauder  
  27  2:45  SCV  
  28  2:51  Factory  
  28  2:55  Orbital Command  
  28  2:57  SCV  
  29  3:03  Marine x2  
  31  3:09  SCV  
  31  3:12  Stimpack  
  32  3:21  SCV  
  32  3:22  SCV  
  32  3:24  Marine x2  
  36  3:31  Supply Depot  
  36  3:34  SCV  
  36  3:35  SCV  
  36  3:40  Starport  
  38  3:42  Marine  
  38  3:43  Marine  
  38  3:47  SCV x2  
  42  3:50  Bunker  
  42  3:52  Factory Tech Lab  
  39  3:59  SCV x2  
  39  4:02  Marine  
  38  4:11  SCV x2, Marine  
  38  4:12  Siege Tank  
  38  4:16  Supply Depot  
  44  4:17  Medivac  
  46  4:26  SCV  
  46  4:27  SCV  
  46  4:29  Marine  
  46  4:30  Barracks Reactor  
  49  4:32  Supply Depot  
  49  4:38  SCV  
  49  4:39  SCV  
  50  4:49  Marine  
  50  4:51  SCV x2  
  53  4:57  Starport Reactor  
  52  5:01  Engineering Bay  
  52  5:03  Siege Tank, Refinery  
  52  5:05  SCV x2  
  57  5:07  Marine x2  
  57  5:09  Marine  
  60  5:16  Supply Depot, Combat Shield  
  60  5:17  SCV x2  
  62  5:21  Barracks  
  62  5:28  Marine x3  
  64  5:29  SCV x2  
  64  5:34  Missile Turret  
  67  5:36  Terran Infantry Weapons Level 1  
  67  5:45  SCV x2  
  67  5:46  Marine x3  
  72  5:50  Supply Depot  
  72  5:51  Refinery  
  72  5:53  Siege Tank  
  75  6:00  SCV x2, Supply Depot  
  77  6:10  Marine  
  78  6:11  Marine x2  
  78  6:14  Supply Depot  
  80  6:20  Supply Depot  
  80  6:21  Marine x2  
  80  6:22  Medivac  
  86  6:38  Command Center  
  86  6:43  Marauder x2, Marine x2  
  86  6:44  Widow Mine  
  86  6:45  Widow Mine  
  94  6:49  SCV x2  
  94  6:50  Supply Depot x2  
  96  6:55  Starport Reactor  
  96  7:01  Marine x2  
  96  7:04  Marauder x2  
  102  7:14  Widow Mine x2  
  106  7:18  Barracks  
  106  7:19  Barracks  
  106  7:24  SCV x2  
  106  7:25  Marauder  
  106  7:26  Marauder  
  110  7:30  Terran Infantry Armor Level 1  
  110  7:36  SCV x2  
  110  7:40  Marine x2  
  112  7:51  Engineering Bay  
  112  7:55  Medivac x2  
  116  7:58  Marine  
  116  7:59  Marauder x2, Marine  
  122  8:05  Supply Depot  
  122  8:06  Orbital Command  
  122  8:07  Barracks Reactor, Barracks Tech Lab  
  119  8:28  Marauder x2  
  119  8:29  Marine x2  
  119  8:31  Orbital Command  
  119  8:32  Widow Mine x2, Marauder  
  126  8:35  Armory  
  126  8:47  SCV x2  
  127  8:53  Widow Mine x2  
  127  8:54  Marauder  
  127  8:55  Marauder, Marine x3  
  113  8:56  Marauder, Marine  
  109  9:04  SCV x3  
  112  9:15  Ghost Academy  
  112  9:16  Marauder, SCV x3  
  117  9:17  Marine x4, Sensor Tower  
  117  9:21  Medivac x2  
  125  9:26  Marauder x2  
  129  9:35  Widow Mine x2, Terran Infantry Armor Level 2, Terran Infantry Weapons Level 2  
  133  9:40  Refinery x2  
  133  9:42  Supply Depot  
  133  9:43  Marine x2  
  133  9:44  Marine x2  
  137  9:45  Enhanced Shockwaves  
  137  9:54  Medivac x2  
  137  9:57  Ghost  
  143  10:00  SCV x3  
  143  10:03  Marine x2  
  143  10:04  Marine x2, Missile Turret  
  150  10:10  Ghost  
  152  10:16  Ghost  
  152  10:18  SCV  
  152  10:20  Command Center  
  155  10:22  SCV x2  
  151  10:30  Viking x2  
  155  10:39  Ghost x2  
  155  10:40  Marine x3, Missile Turret  
  155  10:41  Marine  
  161  11:00  Marauder, Marine x2  
  161  11:04  Supply Depot x2  
  165  11:05  Supply Depot  
  165  11:07  Starport  
  165  11:08  Marine x2  
  169  11:25  Marine x2  
  169  11:26  Marauder x3, Marine x2  
  173  11:44  Marine x2  
  173  11:46  Marine x2  
  181  11:47  Marauder x3  
  181  11:48  Viking x2  
  181  11:53  SCV x3, Barracks  
  190  11:54  Barracks  
  190  11:55  Barracks  
  190  12:03  Marine x2  
  190  12:04  Marine x2  
  198  12:08  Marauder x3  
  198  12:13  SCV x3  
  198  12:15  Planetary Fortress  
  197  12:39  Marine  
  197  12:40  Marine  
  189  12:47  Marauder x3  
  189  12:48  Barracks Reactor, Barracks Tech Lab x2  
  182  12:52  Terran Infantry Weapons Level 3, Terran Infantry Armor Level 3  
  182  12:53  Fusion Core  
  182  12:54  Viking x2  
  186  13:04  Marine x4  
  190  13:08  Marauder  
  190  13:09  Marauder x2  
  190  13:10  Refinery, Missile Turret  
  190  13:11  Command Center  
  190  13:12  Refinery  
  196  13:15  Ghost x2  
  192  13:22  Marine, Viking  
  192  13:23  Viking  
  188  13:40  SCV x2  
  173  13:42  Ghost x3  
  173  13:43  Marine x3  
  177  13:48  Marauder  
  177  13:50  Marauder  
  177  13:52  Marine  
  150  14:06  Viking x2  
  150  14:07  Viking  
  155  14:14  Viking  
  157  14:20  Marauder x3  
  163  14:27  Orbital Command  
  163  14:29  SCV x3  
  166  14:35  Marauder x2  
  170  14:39  Missile Turret  
  170  14:41  Viking  
  165  14:51  Marauder, Ghost  
  163  14:54  Ghost  
  163  14:57  Ghost  
  163  14:58  Marine  
  163  14:59  Marine  
  169  15:04  Viking  
  169  15:06  Marine x2  
  167  15:25  Marauder x3  
  167  15:28  Marauder  
  167  15:31  Viking  
  167  15:34  Viking  
  171  15:49  Marauder x2  
  171  15:53  Viking x2  
  165  16:01  Viking  
  167  16:07  Viking  
  167  16:08  Marauder x3  
  175  16:17  Marine x3  
  175  16:18  Marine x2  
  180  16:19  Marine  
  180  16:23  Viking  
  182  16:34  Marauder x2  
  182  16:39  Marauder x3  
  192  16:41  Viking  
  182  16:47  Medivac x2  
  182  16:48  SCV  
  182  16:49  SCV  
  182  16:52  SCV  
  182  16:54  SCV  
  189  16:55  Marauder  
  189  17:00  SCV  
  189  17:01  Medivac  
  187  17:20  Marauder  
  189  17:26  Missile Turret  
  187  17:34  Marauder x4  
  187  17:35  Marine x4  
  195  17:37  Marine  
  195  17:40  Marine  
  195  17:41  Marauder  
  197  17:53  Marine  
  197  17:56  Marauder x2  
  197  17:57  Marauder  
  197  17:58  Marauder  
  188  18:00  Orbital Command  
  188  18:01  Marine x2  
  188  18:02  Marauder  
  188  18:04  Medivac x2  
  180  18:13  Marine x2  
  180  18:18  Marauder x3  
  180  18:19  Marauder  
  172  18:24  Marauder  
  163  18:32  Marine x3  
  163  18:33  Marine x2  
  168  18:38  Ghost x2  
  166  18:53  Marauder  
  166  18:54  Marauder  
  149  18:55  Marine  
  149  18:56  Marine  
  149  19:00  Marine x2  

Tags
 
Add a new tag
Caveats
  • Supply blocks, unpowered buildings, or Contaminate may cause inaccurate times.
  • Supply counts are checked every 10 seconds.